 Dungeon Crawl Stone Soup version 0.24.0-29-g8ce449bc06 (webtiles) character file.

Game seed: 131944069958429977, levelgen mode: deterministic

1006 Emblim88 the Shooter (level 8, -3/72 HPs)
             Began as a Centaur Arcane Marksman on Nov 14, 2019.
             Was an Initiate of Qazlal.
             Slain by a black bear (9 damage)
             ... created by the rage of Trog
             ... on level 4 of the Dungeon.
             The game lasted 00:29:07 (6240 turns).

Emblim88 the Shooter (Centaur Arcane Marksman)      Turns: 6240, Time: 00:29:08

Health: -3/72      AC:  3    Str: 15    XL:     8   Next: 0%
Magic:  10/10      EV: 14    Int: 12    God:    Qazlal [......]
Gold:   302        SH:  0    Dex: 12    Spells: 2/9 levels left

rFire    + . .     SeeInvis .   a - +0 shortbow
rCold    . . .     Gourm    .   (shield currently unavailable)
rNeg     . . .     Faith    .   (no armour)
rPois    .         Spirit   .   (no helmet)
rElec    .         Reflect  .   r - scarf {repulsion}
rCorr    .         Harm     .   (no gloves)
MR       .....     Clarity  +   (no barding)
Stlth    +.........             (no amulet)
HPRegen  0.22/turn              y - +3 ring of evasion
MPRegen  0.12/turn              E - ring of protection from fire

@: slowed, repel missiles
A: large, hooves 3, agile 1, clarity, deformed body, speed 2, robust 1, tough
skin 3
a: Renounce Religion


You were on level 4 of the Dungeon.
You worshipped Qazlal.
Qazlal was noncommittal.
You were hungry.

You visited 1 branch of the dungeon, and saw 4 of its levels.
You also visited: Ossuary.

You collected 302 gold pieces.

Inventory:

Hand Weapons
 a - a +0 shortbow (weapon)
 i - a +3 dagger of holy wrath
 q - a +0 rapier of venom
Missiles
 k - 18 bolts
Armour
 e - a +0 robe
 r - a scarf of repulsion (worn)
 t - a +0 shield
 w - a +4 chain mail
 F - a +0 plate armour
Jewellery
 y - a +3 ring of evasion (left hand)
 E - a ring of protection from fire (right hand)
Wands
 v - a wand of random effects (20)
 x - a wand of enslavement (10)
Scrolls
 b - 3 scrolls of teleportation {unknown}
 c - 4 scrolls of remove curse
 d - 3 scrolls of immolation {unknown}
 g - 3 scrolls of fog
 h - 2 scrolls of magic mapping {unknown}
 n - 4 scrolls of identify {unknown}
 o - a scroll of noise {unknown}
 C - a scroll of random uselessness {unknown}
 H - a scroll of amnesia {unknown}
Potions
 j - 4 potions of heal wounds {unknown}
 m - 2 potions of berserk rage {unknown}
 p - 2 potions of brilliance
 s - 2 potions of ambrosia {unknown}
 u - a potion of lignification {unknown}
 z - a potion of cancellation {unknown}
 A - a potion of haste
 B - 2 potions of mutation
 D - a potion of might
Comestibles
 f - 6 rations


   Skills:
 + Level 3.8 Fighting
 * Level 7.6 Bows
 + Level 3.1 Dodging
 - Level 1.2 Spellcasting
 + Level 3.4 Hexes
 + Level 0.2 Earth Magic
 * Level 0.7 Invocations
 * Level 3.4 Evocations


You had 2 spell levels left.
You knew the following spells:

 Your Spells              Type           Power        Failure   Level  Hunger
a - Corona                Hex            #......      7%          1    ##.....
b - Slow                  Hex            #.......     11%         2    ###....
c - Leda's Liquefaction   Hex/Erth       #.........   80%         4    #####..

Your spell library contained the following spells:

 Spells                   Type           Power        Failure   Level  Hunger
 Inner Flame              Hex/Fire       #.......     41%         3    ####...
 Portal Projectile        Hex/Tloc       #.....       41%         3    ####...
 Cause Fear               Hex            #.........   56%         4    #####..


Dungeon Overview and Level Annotations

Branches:
Dungeon (4/15)            Ossuary (visited)
 Temple: D:4-7

Altars:
Cheibriados
Gozag
Qazlal
Sif Muna
Trog


Innate Abilities, Weirdness & Mutations

You have hooves in place of feet.
Armour fits poorly on your strangely shaped body.
You cover ground very quickly.
You have extremely tough skin. (AC +3)
You are agile. (Dex +2)
You possess an exceptional clarity of mind.
You are robust. (+10% HP)


Message History

[Y]es or [N]o only, please.
Really attack while wielding your +0 shortbow? [Y]es or [N]o only, please.
Really attack while wielding your +0 shortbow?
Okay, then.
The polar bear bites you!
The polar bear claws you but does no damage.
The polar bear claws you. The black bear bites you.
The black bear completely misses you. The black bear claws you!
The polar bear bites you. The polar bear completely misses you.
The polar bear claws you but does no damage.
The black bear closely misses you. The black bear claws you.
The black bear closely misses you.
The black bear rages.
The polar bear bites you!!
* * * LOW HITPOINT WARNING * * *
The polar bear closely misses you. The polar bear claws you.
* * * LOW HITPOINT WARNING * * *
The black bear bites you!
You die...

................#.#.#####.#
#####...........#+#.......#
######'.##............#####
..#...#.##.......)[.).######
>.#.>.####.................#
..#...####..........(......#
########........#'#........#
..#...##.........hh........#
>.#...##........@..h.......#
..#...#..........h.h.......#
######'..............#######
#.........#......#
#######....(..#...#########
.....#.........#..........#
.....#.........#..........#
.....#.........#..........#
.........##+#####.........#


You could see 2 polar bears and 3 black bears.

Vanquished Creatures
  3 polar bears
  Grinder (D:4)
  Eustachio (D:4)
  A phantom (D:4)
  An ogre (D:4)
  A water moccasin zombie (Ossuary)
  A howler monkey (D:4)
  4 worker ants (D:4)
  Terence (D:3)
  3 big kobold zombies (Ossuary)
  2 mummies (Ossuary)
  3 gnolls (D:3)
  6 adders
  2 oozes
  An adder skeleton (D:4)
  6 adder zombies (Ossuary)
  A worm (D:2)
  2 dart slugs
  3 leopard geckos
  6 orcs
  2 giant cockroaches (D:1)
  3 gnoll zombies (Ossuary)
  5 goblins
  5 hobgoblins
  10 jackals
  2 quokkas (D:4)
  4 ball pythons
  11 bats
  8 frilled lizards
  6 hobgoblin zombies (Ossuary)
  8 kobolds
  5 kobold zombies (Ossuary)
  5 orc zombies (Ossuary)
  8 rats
131 creatures vanquished.

Notes
Turn   | Place    | Note
-------+----------+-------------------------------------------
     0 | D:1      | Emblim88 the Centaur Arcane Marksman began the quest for
                  | the Orb.
     0 | D:1      | Reached XP level 1. HP: 16/16 MP: 2/2
    75 | D:1      | Reached skill level 3 in Bows
   106 | D:1      | Reached XP level 2. HP: 18/23 MP: 3/3
   298 | D:1      | Gained mutation: You possess an exceptional clarity of
                  | mind. [potion of mutation]
   298 | D:1      | Gained mutation: You are robust. (+10% HP) [potion of
                  | mutation]
   298 | D:1      | Gained mutation: You are agile. (Dex +2) [potion of
                  | mutation]
   842 | D:1      | Reached XP level 3. HP: 30/30 MP: 4/4
  1051 | D:1      | Learned a level 2 spell: Slow
  1310 | D:2      | Reached skill level 4 in Bows
  1467 | D:2      | Reached XP level 4. HP: 39/39 MP: 5/5
  1674 | D:2      | Found a faded altar of an unknown god.
  2262 | D:2      | Found a snail-covered altar of Cheibriados.
  2878 | D:3      | Reached XP level 5. HP: 45/45 MP: 6/6
  3153 | D:3      | Found a shimmering blue altar of Sif Muna.
  3193 | D:3      | Noticed Terence
  3217 | D:3      | Killed Terence
  3217 | D:3      | Reached skill level 5 in Bows
  3336 | D:3      | Found a bloodstained altar of Trog.
  3341 | D:3      | Became a worshipper of Trog the Wrathful
  3486 | D:4      | Noticed a phantom
  3508 | D:4      | Found a stormy altar of Qazlal.
  3508 | D:4      | Noticed Grinder
  3706 | D:4      | Found a sand-covered staircase.
  3724 | Ossuary  | Entered an ossuary
  3858 | Ossuary  | Reached skill level 1 in Evocations
  3858 | Ossuary  | Reached XP level 6. HP: 44/55 MP: 7/7
  3906 | Ossuary  | Reached * piety under Trog
  3991 | Ossuary  | Reached skill level 6 in Bows
  4087 | D:4      | Was placed under penance by Trog
  4092 | D:4      | Learned a level 4 spell: Leda's Liquefaction
  4151 | D:4      | Noticed Eustachio
  4410 | D:4      | Noticed a polar bear
  4410 | D:4      | Noticed a polar bear
  4410 | D:4      | Noticed a polar bear
  4427 | D:3      | HP: 1/56 [polar bear[the rage of Trog] (15)]
  4457 | D:3      | Killed a polar bear
  5011 | D:4      | Reached XP level 7. HP: 62/62 MP: 8/8
  5012 | D:4      | Fell from the grace of Trog
  5042 | D:4      | Killed Eustachio
  5042 | D:4      | Reached skill level 7 in Bows
  5172 | D:4      | Became a worshipper of Qazlal Stormbringer
  5239 | D:4      | Killed a polar bear
  5489 | D:4      | Killed Grinder
  5971 | D:3      | Noticed a polar bear
  5971 | D:3      | Noticed a polar bear
  5971 | D:3      | Noticed a polar bear
  5971 | D:3      | Noticed a polar bear
  6018 | D:4      | Killed a polar bear
  6177 | D:4      | Found an opulent altar of Gozag.
  6199 | D:4      | Reached XP level 8. HP: 64/72 MP: 10/10
  6238 | D:4      | Noticed a polar bear
  6240 | D:4      | Slain by a black bear

Levels and vault maps discovered:
D:1:      scummos_arrival_hexagon, layout_loops_ring,
          chequers_serial_rivers_small_3, serial_park_tiny_1
D:2:      layout_basic, kennysheep_slug_shrine, chequers_ecumenical_altar_island
D:3:      layout_loops_ring, lemuel_round_altar, lightli_temple_of_fire,
          uniq_terence
D:4:      layout_basic, grunt_qazlal_sundering,
          nicolae_gozag_cash_rules_everything_around_me, first_ration,
          nicolae_ossuary_entry_false_entrances, uniq_grinder, uniq_eustachio

Skill      XL: |  1  2  3  4  5  6  7 |
---------------+----------------------+-----
Bows           | 3 4 5 6 7 |  7.6
Hexes          | 3 |  3.4
Fighting       | 2 3 |  3.8
Dodging        | 2 3 |  3.1
Evocations     | 1 2 3 |  3.4
Spellcasting   | |  1.2
Earth Magic    | |  0.2
Invocations    | |  0.7

Action                   |  1- 3 |  4- 6 |  7- 9 || total
-------------------------+-------+-------+-------++-------
Melee: Dagger            |    50 |   145 |    34 ||   229
       Kick              |    10 |    28 |    15 ||    53
 Fire: Shortbow          |    92 |   222 |    45 ||   359
Throw: Dart              |       |     4 |    10 ||    14
 Cast: Corona            |     3 |     6 |       ||     9
       Slow              |       |     1 |       ||     1
Invok: Renounce Religion |       |       |     1 ||     1
Evoke: Wand              |       |     1 |     5 ||     6
  Use: Potion            |     4 |     1 |     1 ||     6
       Scroll            |       |     2 |       ||     2
 Stab: Paralysed         |       |       |    18 ||    18
  Eat: Chunk             |       |     6 |       ||     6
       Ration            |       |     2 |       ||     2
Armor: Robe              |    41 |    19 |       ||    60
       Chain mail        |       |    64 |     2 ||    66
       Skin              |       |       |    10 ||    10
Dodge: Dodged            |    84 |    89 |    30 ||   203
       Deflected         |       |     1 |       ||     1
Block: Shield            |       |     2 |       ||     2
